 Dungeon Crawl Stone Soup version 0.17.2 (webtiles) character file.

108735 Goblin1989 the Nimble (level 16, -13/157 HPs)
             Began as a Demonspawn Wanderer on July 11, 2016.
             Was an Initiate of Gozag.
             Killed from afar by a greater naga (38 damage)
             ... with an orb of energy
             ... on level 3 of the Snake Pit.
             The game lasted 02:15:12 (39747 turns).

Goblin1989 the Nimble (Demonspawn Wanderer)        Turns: 39747, Time: 02:15:12

Health: -13/157    AC: 29    Str: 13    XL:     16   Next: 3%
Magic:  9/16       EV: 16    Int: 15    God:    Gozag
Gold:   5023       SH: 12    Dex: 18    Spells: 3 memorised, 4 levels left

rFire  + . .     SeeInvis .       - Unarmed
rCold  + . .     Clarity  .     o - +3 scale mail {rPois}
rNeg   . . .     SustAt   .     H - +2 shield of Resistance {rF+ rC+ MR+}
rPois  +         Gourm    .     v - +2 hat
rElec  .         Spirit   .     Q - +0 cloak
rCorr  +         Warding  .     (no gloves)
rMut   .         Stasis   .     D - +0 pair of boots
MR     ++...                    X - amulet of resist corrosion
Stlth  ++++......               p - +4 ring of protection
                                M - +3 ring of protection

@: lethally poisoned (-13 -> -20), about to teleport, studying Armour, very
resistant to hostile enchantments, stealthy
A: claws 2, iridescent scales 2, nightstalker 2, robust 2, spiny 2
a: Potion Petition, Call Merchant, Bribe Branch, Renounce Religion


You were on level 3 of the Snake Pit.
You worshipped Gozag.
Gozag was noncommittal.
You were not hungry.

You visited 5 branches of the dungeon, and saw 26 of its levels.
You also visited: Sewer and Ice Cave.

You collected 11166 gold pieces.
You spent 1605 gold pieces at shops.
You paid 4538 gold pieces to Gozag.

Inventory:

Hand Weapons
 b - a +7 blowgun
 e - a +1 hunting sling of flaming
 f - a +7 scimitar of flaming
 w - a +2 dagger of venom
Missiles
 j - 7 poisoned javelins (quivered)
 q - 95 sling bullets
 r - 561 stones
 s - 93 poisoned needles
 O - a curare-tipped needle
 P - 13 poisoned sling bullets
Armour
 o - a +3 scale mail of poison resistance (worn)
 v - a +2 hat (worn)
 D - a +0 pair of boots (worn)
 H - the +2 shield of Resistance (worn) {rF+ rC+ MR+}
   (You bought it in a shop on level 4 of the Orcish Mines)

   It protects you from fire.
   It protects you from cold.
   It affects your resistance to hostile enchantments.
 Q - a +0 cloak (worn)
Jewellery
 h - an uncursed ring of wizardry
 p - a +4 ring of protection (right claw)
 M - a +3 ring of protection (left claw)
 N - an uncursed ring of ice
 X - an amulet of resist corrosion (around neck)
Wands
 a - a wand of cold (10)
 l - a wand of lightning (6)
 F - a wand of cold (0)
 G - a wand of confusion (25)
 J - a wand of disintegration (16)
 T - a wand of cold (1)
 U - a wand of draining (8)
Scrolls
 c - 4 scrolls of fear {unknown}
 u - 4 scrolls of recharging
 y - 3 scrolls of blinking
 A - 7 scrolls of remove curse
 B - 4 scrolls of enchant armour
 C - 7 scrolls of teleportation
 I - a scroll of holy word {unknown}
 R - 3 scrolls of amnesia {unknown}
 S - 4 scrolls of magic mapping
 V - 3 scrolls of noise {unknown}
 Z - 2 scrolls of fog
Potions
 d - 10 potions of curing
 i - 2 potions of lignification
 k - 3 potions of magic
 m - 6 potions of flight
 t - a potion of ambrosia
 x - a potion of haste
 W - 2 potions of brilliance
Books
 E - a manual of Armour
Comestibles
 g - 14 royal jellies
 n - 5 meat rations


   Skills:
 * Level 13.4 Fighting
 - Level 10.5 Short Blades
 - Level 1.0 Throwing
 * Level 10.7 Armour
 - Level 13.5 Dodging
 - Level 6.0 Stealth
 * Level 7.4 Shields
 + Level 11.0 Unarmed Combat


You had 4 spell levels left.
You knew the following spells:

 Your Spells              Type           Power        Failure   Level  Hunger
a - Mephitic Cloud        Conj/Pois/Air  #.......     100%        3    ####...
b - Haste                 Chrm           #.......     100%        6    #######
c - Repel Missiles        Chrm/Air       #.....       100%        2    ###....


Dungeon Overview and Level Annotations

Branches:
Dungeon (10/15)            Temple (1/1) D:6            Lair (8/8) D:9
  Swamp (0/4) Lair:4        Snake (3/4) Lair:4        Slime (0/6) Lair:7
    Orc (4/4) D:10            Elf (0/3) Orc:3

Altars:
Ashenzari
Cheibriados
Dithmenos
Elyvilon
Fedhas
Gozag
Kikubaaqudgha
Makhleb
Nemelex Xobeh
Okawaru
Qazlal
Ru
Sif Muna
Trog
Vehumet
Xom
Yredelemnul
Zin
The Shining One
Beogh
Jiyva

Shops:
D:7 *   Orc:1 }   Orc:4 ([*[

Annotations:
D:4 Goblin1989's ghost, amateur DsGl
Snake:2 Nikola


Innate Abilities, Weirdness & Mutations

You have very sharp fingernails.
You are mostly covered in iridescent scales (AC +6).
You are significantly more attuned to the shadows.
You are very robust (+20% HP).
You are mostly covered in sharp spines.


Message History

* * * LOW HITPOINT WARNING * * *
The orb of energy explodes!
You see here 5 gold pieces.
You take 46 damage, and have 33/157 hp.
MASSIVE DAMAGE!!
You scratch the greater naga but do no damage.
The greater naga points at you and mumbles some strange words.
You feel strangely unstable.
You barely miss the greater naga. The greater naga barely misses you.
The greater naga gestures at you while chanting.
The bolt of poison hits you!
You are more poisoned.
You resist.
* * * LOW HITPOINT WARNING * * *
You take 6 damage, and have 27/157 hp.
Your shield and scale mail prevent you from hitting the greater naga.
You feel sick.
The greater naga points at you and mumbles some strange words.
The orb of energy hits you!
You die...
Your body crumbles into a pile of gold.

................
.................
...............#
..............#
..............#
.....$(...(...##
.....@####'#...#
....N.#....#...#
......#....#...#
......#....#...#
#.....#..#.#..##
#.....##+###..#
.......# .......#
.......##


You could see a greater naga.

Vanquished Creatures
  A greater naga (Snake:2)
  Donald (Snake:3)
  An orc warlord (Orc:4)
  Aizul (Snake:1)
  A frost giant (IceCv)
  An ettin (Orc:4)
  A fire dragon (Lair:1)
  Josephine (Orc:3)
  10 hydras
  3 naga warriors
  A catoblepas (Lair:4)
  Erica (D:8)
  3 anacondas
  2 naga sharpshooters (Snake:3)
  An orc high priest (Orc:4)
  9 death yaks
  4 shock serpents
  A fire crab (Lair:7)
  A salamander mystic (Snake:2)
  A lindwurm (Lair:4)
  2 naga ritualists
  A hill giant (D:10)
  An orc knight (Orc:4)
  4 mana vipers
  A hornet (Lair:8)
  5 orc sorcerers (Orc:4)
  A manticore (D:7)
  3 salamanders
  10 naga magi
  Maurice (Orc:4)
  15 elephants
  A guardian serpent (Lair:8)
  An ice statue (IceCv)
  16 spiny frogs
  2 torpor snails
  23 black mambas
  A molten gargoyle (Lair:6)
  4 fire drakes
  A deep elf priest (D:7)
  5 komodo dragons
  31 polar bears
  3 trolls
  2 raiju (Lair:8)
  A two-headed ogre (D:10)
  Prince Ribbit (D:7)
  10 blink frogs
  2 slime creatures
  A trapdoor spider zombie (D:8)
  2 wyverns
  A redback (Lair:8)
  4 wraiths (Orc:3)
  10 hippogriffs
  2 basilisks
  38 yaks
  14 nagas
  25 orc warriors
  27 water moccasins
  4 hell hounds (Lair:8)
  16 wargs
  43 wolves
  8 porcupines
  9 ogres
  An ice beast (D:9)
  14 black bears
  4 spiders (Lair:8)
  An eye of draining (D:8)
  2 phantoms
  A sky beast (D:8)
  2 wasps (Lair:8)
  3 big kobolds
  4 centaurs
  23 crocodiles
  16 giant frogs
  4 killer bees (D:8)
  4 scorpions
  5 wights (D:9)
  An electric eel (Lair:1)
  A lava snake (Lair:6)
  36 orc priests
  2 crimson imps
  A giant frog zombie (D:6)
  18 hounds
  10 jellies
  38 orc wizards
  3 centaur zombies
  2 quasits
  A giant frog skeleton (D:9)
  Natasha (thrice) (D:2)
  9 iguanas
  13 worker ants
  23 sheep
  A hound zombie (D:6)
  2 hound skeletons
  A worker ant zombie (D:10)
  3 gnolls (D:7)
  20 river rats
  15 adders
  15 oozes (Lair:5)
  An adder zombie (D:5)
  4 worms
  8 giant geckos
  240 orcs
  7 bats
  5 giant cockroaches
  9 goblins
  11 hobgoblins
  3 quokkas
  2 ball pythons
  7 giant newts
  15 jackals
  16 kobolds
  2 quokka skeletons (D:4)
  A quokka zombie (D:6)
  11 rats
  A butterfly (D:6)
  2 fungi
  A plant (Lair:4)
1045 creatures vanquished.

Vanquished Creatures (others)
  An ice beast (D:7)
  An orc wizard (Orc:4)
  7 bushes (D:7)
  19 fungi
  20 plants
  11 toadstools (Lair:4)
59 creatures vanquished.

Grand Total: 1104 creatures vanquished

Notes
Turn   | Place    | Note
--------------------------------------------------------------
     0 | D:1      | Goblin1989 the Demonspawn Wanderer began the quest for the Orb.
     0 | D:1      | Goblin1989 set off with: 2 curare-tipped needles, a +2 blowgun, a +0 short sword, a potion of curing, a +0 robe, a +0 dagger, a bread ration
     0 | D:1      | Reached XP level 1. HP: 18/18 MP: 1/1
   372 | D:1      | Gained mutation: You are partially covered in iridescent scales (AC +4). [demonic ancestry]
   372 | D:1      | Reached XP level 2. HP: 24/24 MP: 2/2
   862 | D:1      | Reached XP level 3. HP: 29/29 MP: 3/3
  1321 | D:2      | Noticed Natasha
  1332 | D:2      | Killed Natasha
  1332 | D:2      | Gained mutation: You are slightly more attuned to the shadows. [demonic ancestry]
  1332 | D:2      | Reached XP level 4. HP: 35/35 MP: 4/4
  1385 | D:2      | Noticed Natasha
  1411 | D:2      | Killed Natasha
  1419 | D:2      | Noticed Natasha
  1422 | D:2      | Killed Natasha
  1451 | D:2      | Learned a level 3 spell: Mephitic Cloud
  1550 | D:2      | Found a stormy altar of Qazlal.
  1828 | D:2      | Found a sparkling altar of Nemelex Xobeh.
  1944 | D:3      | Reached skill level 4 in Short Blades
  2602 | D:4      | Noticed an ogre
  2613 | D:4      | Killed an ogre
  2613 | D:4      | Reached skill level 5 in Short Blades
  2613 | D:4      | Gained mutation: You are partially covered in sharp spines. [demonic ancestry]
  2613 | D:4      | Reached XP level 5. HP: 41/41 MP: 5/5
  2766 | D:4      | Gained mutation: You have sharp fingernails. [demonic ancestry]
  2766 | D:4      | Reached XP level 6. HP: 40/47 MP: 6/6
  2824 | D:4      | Found a shimmering altar of Xom.
  2856 | D:4      | Reached skill level 6 in Short Blades
  3142 | D:4      | Noticed Goblin1989's ghost (amateur DsGl)
  3512 | D:5      | Entered Level 5 of the Dungeon
  3647 | D:5      | Found a bloodstained altar of Trog.
  3662 | D:5      | Found a glowing golden altar of the Shining One.
  3714 | D:5      | Found a sacrificial altar of Ru.
  3717 | D:5      | Gained mutation: You have very sharp fingernails. [demonic ancestry]
  3717 | D:5      | Reached XP level 7. HP: 49/52 MP: 7/7
  3767 | D:5      | Reached skill level 7 in Short Blades
  3794 | D:5      | Found a deep blue altar of Sif Muna.
  4055 | D:6      | Found a staircase to the Ecumenical Temple.
  4062 | Temple   | Entered the Ecumenical Temple
  4165 | D:6      | Reached skill level 8 in Short Blades
  4210 | D:6      | Found a glowing drain.
  4215 | Sewer    | Entered a sewer
  4505 | Sewer    | Found a white marble altar of Elyvilon.
  4597 | D:6      | Gained mutation: You are mostly covered in sharp spines. [demonic ancestry]
  4597 | D:6      | Reached XP level 8. HP: 42/58 MP: 8/8
  4615 | D:6      | Reached skill level 9 in Short Blades
  5443 | D:4      | Noticed a phantom
  5449 | D:4      | Killed a phantom
  5530 | D:4      | Noticed an ogre
  5538 | D:4      | Killed an ogre
  5918 | D:7      | Found a sacrificial altar of Ru.
  5918 | D:7      | Noticed a deep elf priest
  5922 | D:7      | Killed a deep elf priest
  5922 | D:7      | Reached skill level 10 in Short Blades
  6168 | D:7      | Noticed Prince Ribbit
  6185 | D:7      | Killed Prince Ribbit
  6185 | D:7      | Gained mutation: You are significantly more attuned to the shadows. [demonic ancestry]
  6185 | D:7      | Reached XP level 9. HP: 62/65 MP: 9/9
  6284 | D:7      | Found Gozag's Platinum Reserve.
  6289 | D:7      | Found an opulent altar of Gozag.
  6308 | D:7      | Became a worshipper of Gozag Ym Sagoz the Greedy
  6731 | D:7      | Noticed a manticore
  6732 | D:7      | Noticed a red ugly thing
  6790 | D:7      | Killed a manticore
  6790 | D:7      | Reached skill level 5 in Fighting
  6790 | D:7      | Reached skill level 1 in Unarmed Combat
  7069 | D:7      | Noticed a slime creature
  7110 | D:7      | Killed a slime creature
  7603 | D:8      | Found a shadowy altar of Dithmenos.
  7603 | D:8      | Noticed Erica
  7626 | D:8      | Killed Erica
  7672 | D:8      | Reached XP level 10. HP: 76/80 MP: 10/10
  7869 | D:8      | Reached skill level 1 in Dodging
  7947 | D:8      | Reached skill level 1 in Armour
  8589 | D:8      | Found an iron altar of Okawaru.
  9188 | D:9      | Found a staircase to the Lair.
  9616 | D:10     | Entered Level 10 of the Dungeon
  9828 | D:10     | Found a staircase to the Orcish Mines.
 10617 | D:10     | Noticed a hill giant
 10638 | D:10     | Killed a hill giant
 10638 | D:10     | Reached skill level 10 in Fighting
 10936 | Lair:1   | Entered Level 1 of the Lair of Beasts
 11080 | Lair:1   | Noticed a black mamba
 11084 | Lair:1   | Killed a black mamba
 11403 | Lair:1   | Gained mutation: You are robust (+10% HP). [demonic ancestry]
 11403 | Lair:1   | Reached XP level 11. HP: 78/99 MP: 11/11
 11712 | Lair:1   | Noticed a fire dragon
 11726 | Lair:1   | Killed a fire dragon
 12147 | Lair:2   | Reached skill level 5 in Unarmed Combat
 12166 | Lair:2   | Noticed an eight-headed hydra
 12177 | Lair:2   | Killed a four-headed hydra
 12177 | Lair:2   | Reached skill level 5 in Armour
 12368 | Lair:2   | Noticed an eight-headed hydra
 12406 | Lair:2   | Killed a five-headed hydra
 12406 | Lair:2   | Reached skill level 5 in Dodging
 12406 | Lair:2   | Reached skill level 1 in Shields
 12560 | Lair:2   | Noticed a four-headed hydra
 12566 | Lair:2   | Noticed an eight-headed hydra
 12569 | Lair:2   | Killed a one-headed hydra
 12576 | Lair:2   | Killed a one-headed hydra
 12889 | Lair:2   | Noticed a four-headed hydra
 12900 | Lair:2   | Killed a one-headed hydra
 13467 | Lair:3   | Noticed a death yak
 13469 | Lair:3   | Noticed a death yak
 13503 | Lair:3   | Killed a death yak
 13503 | Lair:3   | Gained mutation: You are mostly covered in iridescent scales (AC +6). [demonic ancestry]
 13503 | Lair:3   | Reached XP level 12. HP: 20/106 MP: 12/12
 13529 | Lair:3   | Killed a death yak
 14464 | Lair:3   | Noticed a five-headed hydra
 14475 | Lair:3   | Killed a one-headed hydra
 14800 | Lair:4   | Found a frozen archway.
 14808 | IceCv    | Entered an ice cave
 16191 | IceCv    | Reached skill level 10 in Dodging
 17402 | IceCv    | Reached XP level 13. HP: 68/113 MP: 13/13
 17651 | IceCv    | Noticed a frost giant
 17804 | IceCv    | Killed a frost giant
 18170 | Lair:4   | Learned a level 6 spell: Haste
 18173 | Lair:4   | Learned a level 2 spell: Repel Missiles
 18363 | Lair:4   | Found a staircase to the Snake Pit.
 18611 | Lair:4   | Noticed a six-headed hydra
 18644 | Lair:4   | Killed a two-headed hydra
 18714 | Lair:4   | Reached skill level 11 in Dodging
 18758 | Lair:4   | Found a staircase to the Swamp.
 19354 | Lair:4   | Noticed a four-headed hydra
 19362 | Lair:4   | Killed a one-headed hydra
 19705 | Lair:4   | Identified Meiphoedgh's Catalogue of Summoning (You found it on level 4 of the Lair of Beasts)
 19964 | Lair:4   | Noticed a catoblepas
 20059 | Lair:4   | Killed a catoblepas
 22179 | Lair:5   | Reached skill level 12 in Dodging
 22934 | Lair:6   | Gained mutation: You are very robust (+20% HP). [demonic ancestry]
 22934 | Lair:6   | Reached XP level 14. HP: 113/132 MP: 14/14
 24876 | Lair:7   | Found a viscous altar of Jiyva.
 24876 | Lair:7   | Found a staircase to the Slime Pits.
 25381 | Lair:4   | Reached skill level 5 in Stealth
 26002 | Orc:1    | Entered Level 1 of the Orcish Mines
 26231 | Orc:1    | Found Pemarchu's Gadget Shoppe.
 26446 | Orc:1    | Found a roughly hewn altar of Beogh.
 26900 | Orc:3    | Found a staircase to the Elven Halls.
 27147 | Orc:3    | Noticed Josephine
 27157 | Orc:3    | Killed Josephine
 28399 | Orc:4    | Entered Level 4 of the Orcish Mines
 28433 | Orc:4    | Reached skill level 10 in Unarmed Combat
 28533 | Orc:4    | Noticed Maurice
 28554 | Orc:4    | Killed Maurice
 28855 | Orc:4    | Found a roughly hewn altar of Beogh.
 28858 | Orc:4    | Found Ydan's Armour Shoppe.
 28938 | Orc:4    | Found a roughly hewn altar of Beogh.
 28973 | Orc:4    | Found Peniovan's General Store.
 28984 | Orc:4    | Bought a beef jerky for 21 gold pieces
 28984 | Orc:4    | Bought a scroll of identify for 28 gold pieces
 28984 | Orc:4    | Bought a scroll of magic mapping for 49 gold pieces
 29097 | Orc:4    | Found a roughly hewn altar of Beogh.
 29194 | Orc:4    | Found a roughly hewn altar of Beogh.
 29219 | Orc:4    | Found a roughly hewn altar of Beogh.
 29539 | Orc:4    | Found a roughly hewn altar of Beogh.
 29639 | Orc:4    | Noticed an orc warlord
 29665 | Orc:4    | Paralysed by an orc sorcerer for 7 turns
 29672 | Orc:4    | HP: 3/136 [orc sorcerer/dagger (6)]
 30173 | Orc:4    | Paralysed by an orc sorcerer for 5 turns
 30511 | Orc:4    | Reached skill level 13 in Dodging
 30529 | Orc:4    | Killed an orc warlord
 30796 | Orc:4    | Found Pisud's Antique Armour Shoppe.
 30797 | Orc:4    | Found a roughly hewn altar of Beogh.
 30797 | Orc:4    | Found Dexkiery's Antique Weapon Emporium.
 30803 | Orc:4    | Bought a steaming chain mail for 256 gold pieces
 30813 | Orc:4    | Identified the +5 chain mail "Ukuggau" {rN+ Str+4 Int+2} (You bought it in a shop on level 4 of the Orcish Mines)
 30873 | Orc:4    | Bought the +2 shield of Resistance {rF+ rC+ MR+} for 575 gold pieces
 30875 | Orc:4    | Bought a meat ration for 55 gold pieces
 30875 | Orc:4    | Bought a bread ration for 55 gold pieces
 30875 | Orc:4    | Bought a beef jerky for 16 gold pieces
 30875 | Orc:4    | Bought 4 fruits for 66 gold pieces
 30875 | Orc:4    | Bought a bread ration for 55 gold pieces
 30875 | Orc:4    | Bought a royal jelly for 22 gold pieces
 30875 | Orc:4    | Bought a slice of pizza for 16 gold pieces
 31255 | Lair:8   | Entered Level 8 of the Lair of Beasts
 31860 | Lair:8   | Reached XP level 15. HP: 69/144 MP: 15/15
 32671 | Lair:8   | Reached skill level 5 in Shields
 34825 | Orc:4    | Bought a +3 scale mail of poison resistance for 391 gold pieces
 35196 | Snake:1  | Entered Level 1 of the Snake Pit
 35430 | Snake:1  | Got a heavily runed plate armour
 35441 | Snake:1  | Identified the +3 plate armour "Rehoxilah" {rF- rC+ rN+ Str+3} (You found it on level 1 of the Snake Pit)
 35645 | Snake:1  | Noticed Aizul
 35689 | Snake:1  | Killed Aizul
 36628 | Snake:2  | Noticed a greater naga
 36646 | Snake:2  | Killed a greater naga
 37406 | Snake:2  | Noticed Nikola
 37685 | Snake:2  | Reached skill level 10 in Armour
 38620 | Snake:3  | Noticed Donald
 38659 | Snake:3  | Killed Donald
 39497 | Snake:3  | Reached XP level 16. HP: 117/157 MP: 16/16
 39721 | Snake:3  | Noticed a greater naga
 39747 | Snake:3  | Killed from afar by a greater naga

Action                   |  1- 3 |  4- 6 |  7- 9 | 10-12 | 13-15 | 16-18 || total
-------------------------+-------+-------+-------+-------+-------+-------++-------
Melee: Short sword       |    51 |       |       |       |       |       ||    51
       Dagger            |    59 |   111 |   225 |   880 |   331 |       ||  1606
       Quarterstaff      |       |       |    15 |       |       |       ||    15
       Scimitar          |       |       |       |   125 |    88 |       ||   213
       Unarmed           |       |       |       |    17 |  2108 |    24 ||  2149
 Fire: Blowgun           |       |    11 |    27 |    18 |    18 |       ||    74
       Shortbow          |       |       |     2 |       |       |       ||     2
Throw: Javelin           |       |       |     5 |     2 |     3 |       ||    10
Invok: Potion Petition   |       |       |     1 |     1 |     5 |       ||     7
       Call Merchant     |       |       |       |       |     1 |       ||     1
Evoke: Wand              |       |       |    10 |     8 |     6 |       ||    24
  Use: Scroll            |       |       |     5 |    15 |     9 |       ||    29
       Potion            |       |       |       |     9 |     5 |       ||    14
 Stab: Sleeping          |     7 |    16 |    13 |    46 |    82 |       ||   164
       Distracted        |       |     1 |     2 |     7 |    34 |       ||    44
  Eat: Chunk             |     1 |     7 |     7 |       |       |       ||    15
       Royal jelly       |       |       |     1 |     1 |     1 |       ||     3
       Fruit             |       |       |     6 |     1 |    16 |       ||    23
       Pizza             |       |       |       |     3 |     1 |       ||     4
       Bread ration      |       |       |       |     5 |     6 |       ||    11
       Beef jerky        |       |       |       |     2 |     4 |       ||     6
       Meat ration       |       |       |       |       |     6 |       ||     6
